 Dungeon Crawl Stone Soup version 0.26.0-45-g9c1d065592 (webtiles) character file.

Game seed: 15343006627268306394

123 hawla the Conjurer (level 4, -1/33 HPs)
             Began as a Draconian Conjurer on Jan 31, 2021.
             Slain by a gnoll
             ... wielding a +0 halberd
              (12 damage)
             ... on level 3 of the Dungeon.
             The game lasted 00:07:23 (4470 turns).

hawla the Conjurer (Draconian Conjurer)             Turns: 4470, Time: 00:07:24

Health: -1/33      AC:  5    Str:  9    XL:     4   Next: 79%
Magic:  3/8        EV: 12    Int: 20    God:
Gold:   141        SH:  0    Dex:  9    Spells: 2/9 levels left

rFire    . . .     SeeInvis .   (no weapon)
rCold    . . .     Faith    .   (no shield)
rNeg     . . .     Spirit   .   (armour unavailable)
rPois    .         Reflect  .   (helmet restricted)
rElec    .         Harm     .   (no cloak)
rCorr    .         Rampage  .   (no gloves)
Will     .....                  (no boots)
Stlth    ++........             (no amulet)
HPRegen  0.11/turn              (no ring)
MPRegen  0.11/turn              (no ring)

@: very slightly contaminated
A: unfitting armour, cold-blooded, AC +5
a: no special abilities


You were on level 3 of the Dungeon.
You visited 1 branch of the dungeon, and saw 3 of its levels.

You collected 141 gold pieces.

Inventory:

Missiles
 e - 17 poisoned darts
Jewellery
 p - a +6 ring of strength {unknown}
Scrolls
 a - 3 scrolls of teleportation
 c - a scroll of identify
 h - a scroll of fear {unknown}
 i - a scroll of blinking {unknown}
 k - 3 scrolls of enchant armour
 l - a scroll of amnesia {unknown}
 n - a scroll of remove curse {unknown}
 q - a scroll of random uselessness {unknown}
Potions
 d - 2 potions of might {unknown}
 f - a potion of degeneration {unknown}
 g - a potion of flight {unknown}
 j - 2 potions of curing {unknown}
 m - a potion of brilliance {unknown}
 o - a potion of heal wounds


   Skills:
 - Level 1.7 Dodging
 - Level 1.7 Stealth
 + Level 3.0 Spellcasting
 + Level 5.3 Conjurations
 * Level 1.3 Translocations


You had 2 spell levels left.
You knew the following spells:

 Your Spells              Type           Power        Failure   Level
a - Magic Dart            Conj           96%          1%          1
b - Searing Ray           Conj           48%          2%          2
c - Iskenderun's Mystic   Conj/Tloc      16%          34%         4

Your spell library contained the following spells:

 Spells                   Type           Power        Failure   Level
 Apportation              Tloc           16%          9%          1
 Animate Skeleton         Necr           6%           14%         1
 Corona                   Hex            3%           14%         1
 Summon Small Mammal      Summ           12%          14%         1
 Dazzling Flash           Conj/Hex       26%          14%         3
 Fulminant Prism          Conj/Hex       6%           43%         4


Dungeon Overview and Level Annotations

Branches:
Dungeon (3/15)

Altars:

Annotations:
D:2 Sigmund


Innate Abilities, Weirdness & Mutations

Your plain brown scales are hard. (AC +5)
You cannot fit into any form of body armour.
You are cold-blooded and may be slowed by cold attacks.


Message History

The orc throws a boomerang.
The boomerang closely misses you.
The weapon returns to the orc!
The orc throws a boomerang.
The boomerang hits you.
The weapon returns to the orc!
The gnoll shouts!
You hit the gnoll but do no damage.
The orc throws a boomerang.
The boomerang closely misses you.
The weapon returns to the orc!
The gnoll hits you!
Casting: Magic Dart (safe; 1% risk of failure)
Confirm with . or Enter, or press ? or * to list all spells.
The spell is extremely dangerous to cast (34% risk of failure)!
Continue anyway?
You miscast Iskenderun's Mystic Blast.
You are very lightly contaminated with residual magic.
The air around you crackles with energy!
A giant cockroach comes into view.
The orc throws a boomerang.
The boomerang hits you but does no damage.
The weapon returns to the orc!
The gnoll closely misses you.
The gnoll hits you from afar with a +0 halberd!
You die...

$... .#..... #..# ..... .##..
.... # .. .# .##..##.. #..### #.
.#.# #..#.# .....## .. #.
...####...#####.....##.#.. #.
#....###....##............ #.
#......)..............#...
#.###.##........@.g.)......>..
#...........)....g(o.........
#............<....g.......# .
#............))........B..# ..
##...........)...........######..
#..................(g......g....
##........................####...
##.........................#.....
##............##..............#


You could see 4 gnolls, an orc and a giant cockroach.

Vanquished Creatures
  Jessica (D:2)
  4 adders
  An ooze (D:2)
  4 leopard geckos
  3 orcs (D:3)
  6 bats
  4 giant cockroaches
  5 goblins
  6 hobgoblins
  5 kobolds
  A quokka (D:2)
  8 frilled lizards
  2 rats (D:1)
50 creatures vanquished.

Vanquished Creatures (others)
  6 plants (D:3)
6 creatures vanquished.

Grand Total: 56 creatures vanquished

Notes
Turn   | Place    | Note
-------+----------+-------------------------------------------
     0 | D:1      | hawla the Draconian Conjurer began the quest for the Orb.
     0 | D:1      | Reached XP level 1. HP: 14/14 MP: 3/3
   627 | D:1      | Reached XP level 2. HP: 20/20 MP: 0/5
   630 | D:1      | Learned a level 2 spell: Searing Ray
  1090 | D:2      | Noticed Jessica
  1092 | D:2      | Killed Jessica
  1093 | D:2      | Reached XP level 3. HP: 8/26 MP: 2/6
  1432 | D:2      | Reached skill level 5 in Conjurations
  1699 | D:2      | Noticed Sigmund
  2065 | D:2      | Reached XP level 4. HP: 27/33 MP: 0/8
  2070 | D:2      | Learned a level 4 spell: Iskenderun's Mystic Blast
  3382 | D:3      | Reached skill level 1 in Translocations
  4470 | D:3      | Slain by a gnoll

Illustrated notes

Levels and vault maps discovered:
D:1:      kilobyte_arrival_exit_the_forest, layout_basic, corexii_corridor_pit
D:2:      layout_basic, uniq_jessica, uniq_sigmund
D:3:      layout_rooms, corner_web_ring, minmay_lizard_king

Skill      XL: |  1  2  3  4 |
---------------+-------------+-----
Conjurations   | 5 |  5.3
Spellcasting   | 3 |  3.0
Translocations | 1 |  1.3
Dodging        | |  1.7
Stealth        | |  1.7

Action                   |  1- 3 |  4- 6 || total
-------------------------+-------+-------++-------
Melee: Unarmed           |    17 |    49 ||    66
       Tailslap          |     1 |     5 ||     6
 Cast: Magic Dart        |    25 |    16 ||    41
       Searing Ray       |    10 |     6 ||    16
       Iskenderun's Myst |       |     4 ||     4
  Use: Scroll            |     3 |     3 ||     6
       Potion            |       |     2 ||     2
Armor: Skin              |     7 |    44 ||    51
Dodge: Dodged            |    19 |    67 ||    86
